Las Vegas Wranglers vs Victoriaville Tigres

Created - 22 novembre 2019 at 19:55

Goals
1 2 3 OT1 SO T
Las Vegas Wranglers 1 2 3 0 1 6
Victoriaville Tigres 2 1 3 0 2 7
Shots
1 2 3 OT1 SO T
Las Vegas Wranglers 8 15 20 2 4 45
Victoriaville Tigres 17 5 10 2 4 34

1st period

1. Victoriaville Tigres , Kevin Stenlund 11 (Chase De Leo 18, Greg McKegg 18) at 9:07
2. Las Vegas Wranglers , Nikita Soshnikov 5 (Dillon Heatherington 6) at 12:53
3. Victoriaville Tigres , Greg McKegg 15 (Chase De Leo 19) at 13:13

Penalties :
Zack MacEwen (WRA) for Hooking (Minor) at 13:30, Dillon Heatherington (WRA) for Hooking (Minor) at 18:28

2nd period

4. Victoriaville Tigres , Paul Bittner 3 (Nic Petan 9, Devon Toews 28) at 3:14
5. Las Vegas Wranglers , Tage Thompson 17 (Zack MacEwen 24) at 14:39
6. Las Vegas Wranglers , Tanner Kero 18 (Paul Ladue 7, Taro Hirose 17) at 18:21

Penalties :
No Penalty

3rd period

7. Victoriaville Tigres , Greg McKegg 16 (Chase De Leo 20) at 0:08
8. Las Vegas Wranglers , Drew Stafford 10 (Tage Thompson 27, Chris Casto 4) at 2:07
9. Victoriaville Tigres , Kole Lind 3 (Maximilian Kammerer 1, Austin Wagner 9) at 4:26
10. Las Vegas Wranglers , Taro Hirose 9 (Tanner Kero 13) at 9:59
11. Victoriaville Tigres , Paul Bittner 4 (Nic Petan 10) at 11:16
12. Las Vegas Wranglers , Taro Hirose 10 (Tanner Kero 14) at 12:06

Penalties :
No Penalty

Overtime #1

No Goal

Penalties :
No Penalty

Shootout

Las Vegas Wranglers, Drew Stafford - Shot Misses the Net
Victoriaville Tigres, Chase De Leo - Stopped by Mikhail Berdin
Las Vegas Wranglers, Zack MacEwen - Goal!
Victoriaville Tigres, Greg McKegg - Stopped by Mikhail Berdin
Las Vegas Wranglers, Tanner Kero - Stopped by Michael Garteig
Victoriaville Tigres, Rudolfs Balcers - Goal!
Las Vegas Wranglers, Tage Thompson - Stopped by Michael Garteig
Victoriaville Tigres, Paul Bittner - Goal!

Penalties :
No Penalty

Goalie Stats

Mikhail Berdin (WRA), 28 saves from 34 shots - (0,824), OTL, 7-3-2, 65:00 minutes
Michael Garteig (TIG), 39 saves from 45 shots - (0,867), W, 1-3-3, 65:00 minutes

Players Stats for Las Vegas Wranglers

Player Name              G  A  P  +/- PIM S  H  SB GA TA FO     MP     PP MP  PK MP  
------------------------------------------------------------------------------------
Adam Clendening          0  0  0   1  0   0  0  0  0  0  0/0     5:00   0:00   0:09 
Chris Casto              0  1  1   2  0   1  2  0  0  1  0/0    21:28   0:00   1:31 
Dillon Heatherington     0  1  1  -2  2   4  2  2  1  3  0/0    30:15   0:00   1:06 
Drew Stafford            1  0  1  -1  0   8  2  0  1  0  4/9    24:09   0:00   2:05 
Glenn Gawdin             0  0  0   0  0   3  1  1  1  0  6/9    13:26   0:00   0:46 
Jimmy Hayes              0  0  0   1  0   1  1  0  0  0  0/0    15:49   0:00   0:00 
Joel Hanley              0  0  0   2  0   2  0  2  0  1  0/0    21:28   0:00   1:31 
Justin Auger             0  0  0   0  0   1  0  0  0  0  0/0     8:27   0:00   0:00 
Kevin Davis              0  0  0   0  0   0  2  1  0  0  0/0    11:55   0:00   0:00 
Klim Kostin              0  0  0   0  0   0  0  0  1  0  0/0     8:27   0:00   0:00 
Nikita Soshnikov         1  0  1   0  0   3  1  0  0  1  0/0    12:33   0:00   0:46 
Paul Ladue               0  1  1  -3  0   3  1  2  2  1  0/0    26:46   0:00   2:27 
Peter Stoykewych         0  0  0   0  0   1  1  1  0  1  0/0    13:55   0:00   1:12 
Tage Thompson            1  1  2  -1  0   7  2  1  3  2  1/2    21:35   0:00   0:52 
Tanner Kero              1  2  3   1  0   3  1  2  2  1  7/15   19:33   0:00   1:03 
Taro Hirose              2  1  3   1  0   2  2  0  1  0  0/0    16:44   0:00   0:11 
Vladislav Kamenev        0  0  0   0  0   3  1  0  1  1  1/2     9:59   0:00   1:02 
Zac Rinaldo              0  0  0   0  0   0  3  0  0  1  0/1    10:58   0:00   0:00 
Zack MacEwen             0  1  1  -1  2   3  1  1  2  0  10/25  23:33   0:00   1:11 

Players Stats for Victoriaville Tigres

Player Name              G  A  P  +/- PIM S  H  SB GA TA FO     MP     PP MP  PK MP  
------------------------------------------------------------------------------------
Alexandre Carrier        0  0  0   1  0   1  1  1  0  1  0/0    19:11   1:19   0:00 
Austin Wagner            0  1  1   1  0   3  1  0  1  0  0/0     9:37   0:02   0:00 
Blake Speers             0  0  0  -2  0   0  0  1  2  0  1/1    16:34   1:44   0:00 
Brett Seney              0  0  0  -2  0   4  2  3  2  0  8/14   16:34   1:44   0:00 
Chase De Leo             0  3  3   2  0   7  5  0  0  2  20/33  24:40   2:12   0:00 
Devon Toews              0  1  1  -2  0   1  2  3  1  1  0/0    29:57   2:39   0:00 
Dillon Simpson           0  0  0  -2  0   2  2  1  0  3  0/0    29:57   2:39   0:00 
Greg McKegg              2  1  3   2  0   6  1  0  0  1  1/2    24:38   2:12   0:00 
Igor Shvyrev             0  0  0   0  0   0  0  0  0  0  1/2     1:56   0:02   0:00 
Jalen Chatfield          0  0  0   1  0   0  0  1  0  0  0/0    15:52   0:00   0:00 
Keaton Middleton         0  0  0   1  0   0  1  0  0  1  0/0    15:52   0:00   0:00 
Kevin Stenlund           1  0  1   2  0   1  1  0  1  2  1/2    22:04   2:12   0:00 
Kole Lind                1  0  1   1  0   1  0  0  0  0  0/0     7:52   0:00   0:00 
Maximilian Kammerer      0  1  1   1  0   1  0  0  0  0  1/4     7:52   0:00   0:00 
Nic Petan                0  2  2  -1  0   4  0  0  2  1  1/5    13:41   0:02   0:00 
Paul Bittner             2  0  2  -1  0   3  1  0  1  0  0/0    13:59   0:00   0:00 
Rudolfs Balcers          0  0  0  -2  0   0  2  1  1  1  0/0    17:41   1:44   0:00 
Tucker Poolman           0  0  0   1  0   0  2  0  1  0  0/0    19:11   1:19   0:00 
Tyler Steenbergen        0  0  0  -1  0   0  0  0  1  2  0/0    12:52   0:00   0:00 

3 Stars

1 - Greg McKegg (TIG)
2 - Taro Hirose (WRA)
3 - Chase De Leo (TIG)

Power Play

Las Vegas Wranglers - 0 on 0 Attempt(s) - 0,00%
Victoriaville Tigres - 0 on 2 Attempt(s) - 0,00%

Penalty Kill

Las Vegas Wranglers - 2 on 2 Attempt(s) - 100,00% - Score 0 goal in Penalty Kill
Victoriaville Tigres - 0 on 0 Attempt(s) - 0,00% - Score 0 goal in Penalty Kill

Team Stat

Las Vegas Wranglers - Hits : 23 - Faceoff Wins : 29 - Blocked Shots : 13 - Penalty Minutes : 4
Victoriaville Tigres - Hits : 21 - Faceoff Wins : 34 - Blocked Shots : 11 - Penalty Minutes : 0

Official

Referees : Evgeny Romasko and Tom Chmielewski
Linesman : David Brisebois and Steve Barton

Game Notes

3:14 of 2nd period - Victoriaville Tigres goal is going for a video replay. After video review, Goal.

Finance

Level 1 -- Attendance: 1583 (79,15%) -- Ticket Income 55 405 $
Level 2 -- Attendance: 727 (72,70%) -- Ticket Income 10 905 $
Total Attendance: 2310 (77,00%)
Total Ticket Income: 66 310 $
Other Income: 32 492 $
Total Income: 98 802 $

Las Vegas Wranglers

5 vs 5 Forward 
   Center                   Left Wing                Right Wing               Time % Phy DF OF 
 1 Zack MacEwen             Drew Stafford            Tage Thompson            40     1   2  2  
 2 Tanner Kero              Taro Hirose              Jimmy Hayes              30     1   2  2  
 3 Glenn Gawdin             Nikita Soshnikov         Zac Rinaldo              20     1   2  2  
 4 Vladislav Kamenev        Klim Kostin              Justin Auger             10     1   2  2  

5 vs 5 Defense 
   Defense                  Defense                                           Time % Phy DF OF 
 1 Dillon Heatherington     Paul Ladue                                        40     1   2  2  
 2 Joel Hanley              Chris Casto                                       30     1   2  2  
 3 Kevin Davis              Peter Stoykewych                                  20     1   2  2  
 4 Adam Clendening          Dillon Heatherington                              10     1   2  2  

PowerPlay Forward 
   Center                   Left Wing                Right Wing               Time % Phy DF OF 
 1 Zack MacEwen             Drew Stafford            Tage Thompson            60     1   2  2  
 2 Tanner Kero              Taro Hirose              Jimmy Hayes              40     1   2  2  

PowerPlay Defense
   Defense                  Defense                                           Time % Phy DF OF 
 1 Dillon Heatherington     Paul Ladue                                        60     1   2  2  
 2 Joel Hanley              Chris Casto                                       40     1   2  2  

Penalty Kill 4 Players Forward 
   Center                   Wing                     Time % Phy DF OF 
 1 Drew Stafford            Zack MacEwen             60     1   2  2  
 2 Tanner Kero              Tage Thompson            40     1   2  2  

Penalty Kill 4 Players Defense
   Defense                  Defense                  Time % Phy DF OF 
 1 Dillon Heatherington     Paul Ladue               60     1   2  2  
 2 Joel Hanley              Chris Casto              40     1   2  2  

Penalty Kill - 3 Players Forward 
   Forward                                           Time % Phy DF OF 
 1 Drew Stafford                                     60     1   2  2  
 2 Zack MacEwen                                      40     1   2  2  

Penalty Kill - 3 Players Defense
   Defense                  Defense                  Time % Phy DF OF 
 1 Dillon Heatherington     Paul Ladue               60     1   2  2  
 2 Joel Hanley              Chris Casto              40     1   2  2  

4 vs 4 Forward 
   Center                   Wing                     Time % Phy DF OF 
 1 Drew Stafford            Zack MacEwen             60     1   2  2  
 2 Tanner Kero              Tage Thompson            40     1   2  2  

4 vs 4 Defense
   Defense                  Defense                  Time % Phy DF OF 
 1 Dillon Heatherington     Paul Ladue               60     1   2  2  
 2 Joel Hanley              Chris Casto              40     1   2  2  

Last Minutes Offensive
   Center                   Left Wing                Right Wing               Defense                  Defense                  
   Zack MacEwen             Drew Stafford            Tage Thompson            Dillon Heatherington     Paul Ladue               

Last Minutes Defensive
   Center                   Left Wing                Right Wing               Defense                  Defense                  
   Zack MacEwen             Drew Stafford            Tage Thompson            Dillon Heatherington     Paul Ladue               

Goaltenders
Starting : Mikhail Berdin           
Backup : Jared Coreau             

Extra Forwards
Normal : Glenn Gawdin, Nikita Soshnikov, Vladislav Kamenev - PP : Glenn Gawdin, Nikita Soshnikov - PK : Vladislav Kamenev
Extra Defensemen
Normal : Kevin Davis, Peter Stoykewych, Adam Clendening - PP : Kevin Davis - PK : Peter Stoykewych, Adam Clendening
Penalty Shots
Drew Stafford, Zack MacEwen, Tanner Kero, Tage Thompson, Jimmy Hayes

Scratches
Joey Anderson (Healthy), Christian Jaros (Healthy), Wacey Hamilton (Healthy), Emerson Etem (Healthy), Otto Somppi (Healthy)
Colton Point (Healthy), Ryan Faragher (Healthy)

Victoriaville Tigres

5 vs 5 Forward 
   Center                   Left Wing                Right Wing               Time % Phy DF OF 
 1 Chase De Leo             Greg McKegg              Kevin Stenlund           40     1   2  2  
 2 Brett Seney              Rudolfs Balcers          Blake Speers             30     1   2  2  
 3 Nic Petan                Paul Bittner             Tyler Steenbergen        20     1   2  2  
 4 Maximilian Kammerer      Austin Wagner            Kole Lind                10     1   2  2  

5 vs 5 Defense 
   Defense                  Defense                                           Time % Phy DF OF 
 1 Devon Toews              Dillon Simpson                                    40     1   2  2  
 2 Alexandre Carrier        Tucker Poolman                                    30     1   2  2  
 3 Keaton Middleton         Jalen Chatfield                                   20     1   2  2  
 4 Devon Toews              Dillon Simpson                                    10     1   2  2  

PowerPlay Forward 
   Center                   Left Wing                Right Wing               Time % Phy DF OF 
 1 Chase De Leo             Greg McKegg              Kevin Stenlund           60     1   2  2  
 2 Brett Seney              Rudolfs Balcers          Blake Speers             40     1   2  2  

PowerPlay Defense
   Defense                  Defense                                           Time % Phy DF OF 
 1 Devon Toews              Dillon Simpson                                    60     1   2  2  
 2 Alexandre Carrier        Tucker Poolman                                    40     1   2  2  

Penalty Kill 4 Players Forward 
   Center                   Wing                     Time % Phy DF OF 
 1 Chase De Leo             Greg McKegg              60     1   2  2  
 2 Rudolfs Balcers          Paul Bittner             40     1   2  2  

Penalty Kill 4 Players Defense
   Defense                  Defense                  Time % Phy DF OF 
 1 Devon Toews              Dillon Simpson           60     1   2  2  
 2 Alexandre Carrier        Tucker Poolman           40     1   2  2  

Penalty Kill - 3 Players Forward 
   Forward                                           Time % Phy DF OF 
 1 Chase De Leo                                      60     1   2  2  
 2 Greg McKegg                                       40     1   2  2  

Penalty Kill - 3 Players Defense
   Defense                  Defense                  Time % Phy DF OF 
 1 Devon Toews              Dillon Simpson           60     1   2  2  
 2 Alexandre Carrier        Tucker Poolman           40     1   2  2  

4 vs 4 Forward 
   Center                   Wing                     Time % Phy DF OF 
 1 Chase De Leo             Greg McKegg              60     1   2  2  
 2 Rudolfs Balcers          Paul Bittner             40     1   2  2  

4 vs 4 Defense
   Defense                  Defense                  Time % Phy DF OF 
 1 Devon Toews              Dillon Simpson           60     1   2  2  
 2 Alexandre Carrier        Tucker Poolman           40     1   2  2  

Last Minutes Offensive
   Center                   Left Wing                Right Wing               Defense                  Defense                  
   Chase De Leo             Greg McKegg              Kevin Stenlund           Devon Toews              Dillon Simpson           

Last Minutes Defensive
   Center                   Left Wing                Right Wing               Defense                  Defense                  
   Chase De Leo             Greg McKegg              Kevin Stenlund           Devon Toews              Dillon Simpson           

Goaltenders
Starting : Michael Garteig          
Backup : Stuart Skinner           

Extra Forwards
Normal : Igor Shvyrev, Austin Wagner, Nic Petan - PP : Igor Shvyrev, Austin Wagner - PK : Nic Petan
Extra Defensemen
Normal : Keaton Middleton, Jalen Chatfield, Alexandre Carrier - PP : Keaton Middleton - PK : Jalen Chatfield, Alexandre Carrier
Penalty Shots
Chase De Leo, Greg McKegg, Rudolfs Balcers, Paul Bittner, Austin Wagner

Scratches
Griffin Reinhart (Healthy), Scott Kosmachuk (Healthy), Taylor Leier (Healthy), Tim Heed (Healthy), Stefan Matteau (Healthy)
Callum Booth (Healthy)

% Time on Ice - Las Vegas Wranglers

Lines # - Real PCT - Wanted PCT - Time Play
Normal Forward
1 - 35% - 40% - 19:30
2 - 31% - 30% - 17:07
3 - 20% - 20% - 10:58
4 - 15% - 10% - 8:27
Normal Defense
1 - 39% - 40% - 21:44
2 - 31% - 30% - 17:32
3 - 21% - 20% - 11:55
4 - 9% - 10% - 4:51
PP Forward
1 - 0% - 60%
2 - 0% - 40%
PP Defense
1 - 0% - 60%
2 - 0% - 40%
PK Forward
1 - 78% - 60% - 3:06
2 - 22% - 40% - 0:52
PK Defense
1 - 62% - 60% - 2:27
2 - 38% - 40% - 1:31
PK3 Forward
1 - 0% - 60%
2 - 0% - 40%
PK3 Defense
1 - 0% - 60%
2 - 0% - 40%
44 Forward
1 - 77% - 60% - 3:51
2 - 23% - 40% - 1:09
44 Defense
1 - 52% - 60% - 2:35
2 - 48% - 40% - 2:25
Last Minute Offensive  - 0:00
Last Minute Defensive  - 0:00
Total
Forward - 65:00
Defense - 65:00

% Time on Ice - Victoriaville Tigres

Lines # - Real PCT - Wanted PCT - Time Play
Normal Forward
1 - 35% - 40% - 19:41
2 - 28% - 30% - 15:37
3 - 23% - 20% - 12:52
4 - 14% - 10% - 7:52
Normal Defense
1 - 38% - 40% - 21:10
2 - 28% - 30% - 15:45
3 - 28% - 20% - 15:52
4 - 6% - 10% - 3:15
PP Forward
1 - 55% - 60% - 2:12
2 - 45% - 40% - 1:46
PP Defense
1 - 67% - 60% - 2:39
2 - 33% - 40% - 1:19
PK Forward
1 - 0% - 60%
2 - 0% - 40%
PK Defense
1 - 0% - 60%
2 - 0% - 40%
PK3 Forward
1 - 0% - 60%
2 - 0% - 40%
PK3 Defense
1 - 0% - 60%
2 - 0% - 40%
44 Forward
1 - 78% - 60% - 3:53
2 - 22% - 40% - 1:07
44 Defense
1 - 58% - 60% - 2:53
2 - 42% - 40% - 2:07
Last Minute Offensive  - 0:00
Last Minute Defensive  - 0:00
Total
Forward - 65:00
Defense - 65:00

Play-by-Play

1st period


0:01 of 1st period - Zack MacEwen wins face-off versus Chase De Leo in neutral zone.
0:26 of 1st period - Dillon Heatherington is hit by Devon Toews and loses puck.
0:33 of 1st period - Slapshot by Nic Petan.
0:33 of 1st period - Stopped by Mikhail Berdin with a rebound.
0:35 of 1st period - Snap shot by Tucker Poolman.
0:35 of 1st period - Shot Blocked by Dillon Heatherington.
0:37 of 1st period - Snap shot by Alexandre Carrier.
0:37 of 1st period - Stopped by Mikhail Berdin with a rebound.
0:39 of 1st period - Slapshot by Tucker Poolman.
0:39 of 1st period - Deflect By Nic Petan.
0:39 of 1st period - Shot Blocked by Tage Thompson.
0:39 of 1st period - Puck is out of play.
0:40 of 1st period - Brett Seney wins face-off versus Tanner Kero in Las Vegas Wranglers zone.
2:19 of 1st period - Wrist shot by Tanner Kero.
2:19 of 1st period - Shot Misses the Net.
2:43 of 1st period - Slapshot by Nikita Soshnikov.
2:43 of 1st period - Shot Misses the Net.
4:16 of 1st period - Icing by Tanner Kero.
4:17 of 1st period - Tanner Kero wins face-off versus Chase De Leo in Las Vegas Wranglers zone.
4:17 of 1st period - Tanner Kero is hit by Kevin Stenlund.
4:27 of 1st period - Snap shot by Tanner Kero.
4:27 of 1st period - Deflect By Jimmy Hayes.
4:27 of 1st period - Shot Misses the Net.
4:27 of 1st period - Puck is out of play.
4:28 of 1st period - Zack MacEwen wins face-off versus Chase De Leo in Victoriaville Tigres zone.
4:37 of 1st period - Snap shot by Greg McKegg.
4:37 of 1st period - Stopped by Mikhail Berdin with a rebound.
4:39 of 1st period - Wrist shot by Greg McKegg.
4:39 of 1st period - Shot Blocked by Zack MacEwen.
4:55 of 1st period - Snap shot by Tanner Kero.
4:55 of 1st period - Stopped by Michael Garteig with a rebound.
4:57 of 1st period - Wrist shot by Tanner Kero.
4:57 of 1st period - Shot Misses the Net.
4:59 of 1st period - Slapshot by Joel Hanley.
4:59 of 1st period - Shot Blocked by Rudolfs Balcers.
5:01 of 1st period - Snap shot by Tanner Kero.
5:01 of 1st period - Shot Misses the Net.
5:03 of 1st period - Slapshot by Joel Hanley.
5:03 of 1st period - Shot Misses the Net.
5:23 of 1st period - Wrist shot by Nic Petan.
5:23 of 1st period - Shot Misses the Net.
6:37 of 1st period - Slapshot by Glenn Gawdin.
6:37 of 1st period - Stopped by Michael Garteig with a rebound.
7:35 of 1st period - Chris Casto is hit by Tucker Poolman and loses puck.
8:26 of 1st period - Icing by Joel Hanley.
8:27 of 1st period - Glenn Gawdin wins face-off versus Maximilian Kammerer in Las Vegas Wranglers zone.
8:40 of 1st period - Snap shot by Drew Stafford.
8:40 of 1st period - Shot Blocked by Jalen Chatfield.
9:01 of 1st period - Slapshot by Greg McKegg.
9:01 of 1st period - Shot Blocked by Paul Ladue.
9:03 of 1st period - Snap shot by Greg McKegg.
9:03 of 1st period - Shot Blocked by Tanner Kero.
9:05 of 1st period - Snap shot by Chase De Leo.
9:05 of 1st period - Stopped by Mikhail Berdin with a rebound.
9:07 of 1st period - Snap shot by Kevin Stenlund.
9:07 of 1st period - Goal by Kevin Stenlund - Las Vegas Wranglers : 0 - Victoriaville Tigres : 1.
9:08 of 1st period - Chase De Leo wins face-off versus Zack MacEwen in neutral zone.
9:13 of 1st period - Slapshot by Greg McKegg.
9:13 of 1st period - Shot Misses the Net.
9:15 of 1st period - Snap shot by Chase De Leo.
9:15 of 1st period - Stopped by Mikhail Berdin without a rebound.
9:16 of 1st period - Chase De Leo wins face-off versus Zack MacEwen in Las Vegas Wranglers zone.
9:25 of 1st period - Slapshot by Chase De Leo.
9:25 of 1st period - Stopped by Mikhail Berdin with a rebound.
9:55 of 1st period - Kevin Stenlund is hit by Drew Stafford and loses puck.
10:04 of 1st period - Snap shot by Greg McKegg.
10:04 of 1st period - Shot Misses the Net.
10:06 of 1st period - Slapshot by Devon Toews.
10:06 of 1st period - Deflect By Chase De Leo.
10:06 of 1st period - Stopped by Mikhail Berdin without a rebound.
10:07 of 1st period - Brett Seney wins face-off versus Tanner Kero in Las Vegas Wranglers zone.
10:15 of 1st period - Off-side.
10:16 of 1st period - Blake Speers wins face-off versus Tanner Kero in neutral zone.
11:04 of 1st period - Rudolfs Balcers is hit by Jimmy Hayes and loses puck.
11:25 of 1st period - Wrist shot by Taro Hirose.
11:25 of 1st period - Shot Misses the Net.
11:27 of 1st period - Snap shot by Jimmy Hayes.
11:27 of 1st period - Deflect By Taro Hirose.
11:27 of 1st period - Shot Blocked by Blake Speers.
11:27 of 1st period - Puck is out of play.
11:28 of 1st period - Drew Stafford wins face-off versus Chase De Leo in Victoriaville Tigres zone.
11:35 of 1st period - Snap shot by Drew Stafford.
11:35 of 1st period - Shot Misses the Net.
11:58 of 1st period - Snap shot by Maximilian Kammerer.
11:58 of 1st period - Shot Misses the Net.
12:00 of 1st period - Slapshot by Jalen Chatfield.
12:00 of 1st period - Shot Misses the Net.
12:02 of 1st period - Wrist shot by Austin Wagner.
12:02 of 1st period - Stopped by Mikhail Berdin with a rebound.
12:06 of 1st period - Slapshot by Austin Wagner.
12:06 of 1st period - Stopped by Mikhail Berdin without a rebound.
12:07 of 1st period - Chase De Leo wins face-off versus Zac Rinaldo in Las Vegas Wranglers zone.
12:16 of 1st period - Snap shot by Chase De Leo.
12:16 of 1st period - Stopped by Mikhail Berdin with a rebound.
12:18 of 1st period - Slapshot by Devon Toews.
12:18 of 1st period - Stopped by Mikhail Berdin with a rebound.
12:20 of 1st period - Snap shot by Chase De Leo.
12:20 of 1st period - Shot Misses the Net.
12:22 of 1st period - Wrist shot by Chase De Leo.
12:22 of 1st period - Shot Misses the Net.
12:32 of 1st period - Paul Bittner is hit by Chris Casto and loses puck.
12:39 of 1st period - Wrist shot by Vladislav Kamenev.
12:39 of 1st period - Stopped by Michael Garteig with a rebound.
12:41 of 1st period - Snap shot by Vladislav Kamenev.
12:41 of 1st period - Stopped by Michael Garteig with a rebound.
12:43 of 1st period - Backhand shot by Dillon Heatherington.
12:43 of 1st period - Deflect By Justin Auger.
12:43 of 1st period - Stopped by Michael Garteig with a rebound.
12:53 of 1st period - Snap shot by Nikita Soshnikov.
12:53 of 1st period - Goal by Nikita Soshnikov - Las Vegas Wranglers : 1 - Victoriaville Tigres : 1.
12:54 of 1st period - Chase De Leo wins face-off versus Zack MacEwen in neutral zone.
13:03 of 1st period - Wrist shot by Greg McKegg.
13:03 of 1st period - Deflect By Drew Stafford.
13:03 of 1st period - Shot Misses the Net.
13:03 of 1st period - Puck is out of play.
13:04 of 1st period - Chase De Leo wins face-off versus Zack MacEwen in Las Vegas Wranglers zone.
13:13 of 1st period - Slapshot by Greg McKegg.
13:13 of 1st period - Goal by Greg McKegg - Las Vegas Wranglers : 1 - Victoriaville Tigres : 2.
13:14 of 1st period - Chase De Leo wins face-off versus Zack MacEwen in neutral zone.
13:30 of 1st period - Minor Penalty to Zack MacEwen for Hooking.
13:31 of 1st period - Drew Stafford wins face-off versus Chase De Leo in Las Vegas Wranglers zone.
14:38 of 1st period - Glenn Gawdin is hit by Chase De Leo and loses puck.
15:30 of 1st period - Penalty to Zack MacEwen is over, Zack MacEwen is back on ice.
16:02 of 1st period - Snap shot by Zack MacEwen.
16:02 of 1st period - Stopped by Michael Garteig with a rebound.
16:13 of 1st period - Icing by Zack MacEwen.
16:14 of 1st period - Tanner Kero wins face-off versus Maximilian Kammerer in Las Vegas Wranglers zone.
16:19 of 1st period - Snap shot by Vladislav Kamenev.
16:19 of 1st period - Shot Misses the Net.
16:50 of 1st period - Icing by Tucker Poolman.
16:51 of 1st period - Brett Seney wins face-off versus Zack MacEwen in Victoriaville Tigres zone.
16:51 of 1st period - Brett Seney is hit by Paul Ladue.
17:03 of 1st period - Wrist shot by Zack MacEwen.
17:03 of 1st period - Shot Blocked by Brett Seney.
17:05 of 1st period - Snap shot by Drew Stafford.
17:05 of 1st period - Shot Blocked by Brett Seney.
17:07 of 1st period - Snap shot by Paul Ladue.
17:07 of 1st period - Shot Misses the Net.
17:39 of 1st period - Wrist shot by Glenn Gawdin.
17:39 of 1st period - Stopped by Michael Garteig without a rebound.
17:40 of 1st period - Nic Petan wins face-off versus Tanner Kero in Victoriaville Tigres zone.
18:06 of 1st period - Off-side.
18:07 of 1st period - Greg McKegg wins face-off versus Zack MacEwen in neutral zone.
18:15 of 1st period - Drew Stafford is hit by Greg McKegg and loses puck.
18:22 of 1st period - Wrist shot by Chase De Leo.
18:22 of 1st period - Stopped by Mikhail Berdin with a rebound.
18:28 of 1st period - Minor Penalty to Dillon Heatherington for Hooking.
18:29 of 1st period - Chase De Leo wins face-off versus Drew Stafford in Las Vegas Wranglers zone.
18:30 of 1st period - Wrist shot by Greg McKegg.
18:30 of 1st period - Stopped by Mikhail Berdin with a rebound.
18:34 of 1st period - Backhand shot by Greg McKegg.
18:34 of 1st period - Stopped by Mikhail Berdin with a rebound.
18:36 of 1st period - Snap shot by Kevin Stenlund.
18:36 of 1st period - Shot Misses the Net.
18:38 of 1st period - Snap shot by Dillon Simpson.
18:38 of 1st period - Stopped by Mikhail Berdin with a rebound.
Goals for this period are 1 for Las Vegas Wranglers vs 2 for Victoriaville Tigres.
Shots for this period are 8 for Las Vegas Wranglers vs 17 for Victoriaville Tigres.

2nd period


0:01 of 2nd period - Zack MacEwen wins face-off versus Chase De Leo in neutral zone.
0:28 of 2nd period - Penalty to Dillon Heatherington is over, Dillon Heatherington is back on ice.
0:35 of 2nd period - Rudolfs Balcers is hit by Peter Stoykewych.
1:15 of 2nd period - Snap shot by Rudolfs Balcers.
1:15 of 2nd period - Deflect By Blake Speers.
1:15 of 2nd period - Shot Hit the Post.
1:15 of 2nd period - Puck is out of play.
1:16 of 2nd period - Glenn Gawdin wins face-off versus Chase De Leo in Las Vegas Wranglers zone.
1:46 of 2nd period - Wrist shot by Paul Bittner.
1:46 of 2nd period - Shot Misses the Net.
1:48 of 2nd period - Wrist shot by Paul Bittner.
1:48 of 2nd period - Stopped by Mikhail Berdin without a rebound.
1:49 of 2nd period - Chase De Leo wins face-off versus Vladislav Kamenev in Las Vegas Wranglers zone.
2:04 of 2nd period - Slapshot by Dillon Heatherington.
2:04 of 2nd period - Stopped by Michael Garteig with a rebound.
2:14 of 2nd period - Greg McKegg is hit by Tage Thompson.
2:20 of 2nd period - Wrist shot by Drew Stafford.
2:20 of 2nd period - Stopped by Michael Garteig with a rebound.
2:22 of 2nd period - Snap shot by Zack MacEwen.
2:22 of 2nd period - Stopped by Michael Garteig with a rebound.
2:24 of 2nd period - Snap shot by Drew Stafford.
2:24 of 2nd period - Stopped by Michael Garteig with a rebound.
3:02 of 2nd period - Snap shot by Nikita Soshnikov.
3:02 of 2nd period - Stopped by Michael Garteig without a rebound.
3:03 of 2nd period - Zack MacEwen wins face-off versus Nic Petan in Victoriaville Tigres zone.
3:04 of 2nd period - Snap shot by Tage Thompson.
3:04 of 2nd period - Stopped by Michael Garteig with a rebound.
3:12 of 2nd period - Wrist shot by Nic Petan.
3:12 of 2nd period - Shot Blocked by Dillon Heatherington.
3:14 of 2nd period - Snap shot by Paul Bittner.
3:14 of 2nd period - Victoriaville Tigres goal is going for a video replay.
3:14 of 2nd period - The goal is good.
3:14 of 2nd period - Goal by Paul Bittner - Las Vegas Wranglers : 1 - Victoriaville Tigres : 3.
3:15 of 2nd period - Zack MacEwen wins face-off versus Kevin Stenlund in neutral zone.
4:06 of 2nd period - Dillon Simpson is hit by Zac Rinaldo and loses puck.
4:50 of 2nd period - Zack MacEwen is hit by Chase De Leo and loses puck.
5:05 of 2nd period - Slapshot by Nic Petan.
5:05 of 2nd period - Stopped by Mikhail Berdin without a rebound.
5:06 of 2nd period - Tanner Kero wins face-off versus Nic Petan in Las Vegas Wranglers zone.
5:22 of 2nd period - Icing by Keaton Middleton.
5:23 of 2nd period - Zack MacEwen wins face-off versus Nic Petan in Victoriaville Tigres zone.
5:53 of 2nd period - Snap shot by Nic Petan.
5:53 of 2nd period - Shot Misses the Net.
5:55 of 2nd period - Wrist shot by Tyler Steenbergen.
5:55 of 2nd period - Deflect By Nic Petan.
5:55 of 2nd period - Shot Misses the Net.
5:55 of 2nd period - Puck is out of play.
5:56 of 2nd period - Tage Thompson wins face-off versus Chase De Leo in Las Vegas Wranglers zone.
6:07 of 2nd period - Snap shot by Tage Thompson.
6:07 of 2nd period - Shot Misses the Net.
6:09 of 2nd period - Slapshot by Chris Casto.
6:09 of 2nd period - Shot Blocked by Devon Toews.
7:55 of 2nd period - Snap shot by Brett Seney.
7:55 of 2nd period - Stopped by Mikhail Berdin with a rebound.
8:09 of 2nd period - Tucker Poolman is hit by Zac Rinaldo and loses puck.
8:22 of 2nd period - Snap shot by Vladislav Kamenev.
8:22 of 2nd period - Stopped by Michael Garteig without a rebound.
8:23 of 2nd period - Vladislav Kamenev wins face-off versus Maximilian Kammerer in Victoriaville Tigres zone.
8:24 of 2nd period - Snap shot by Klim Kostin.
8:24 of 2nd period - Shot Misses the Net.
8:59 of 2nd period - Backhand shot by Dillon Heatherington.
8:59 of 2nd period - Stopped by Michael Garteig with a rebound.
9:11 of 2nd period - Slapshot by Brett Seney.
9:11 of 2nd period - Shot Misses the Net.
9:45 of 2nd period - Snap shot by Nikita Soshnikov.
9:45 of 2nd period - Shot Blocked by Dillon Simpson.
10:13 of 2nd period - Snap shot by Devon Toews.
10:13 of 2nd period - Shot Blocked by Joel Hanley.
10:15 of 2nd period - Slapshot by Devon Toews.
10:15 of 2nd period - Deflect By Austin Wagner.
10:15 of 2nd period - Stopped by Mikhail Berdin without a rebound.
10:16 of 2nd period - Brett Seney wins face-off versus Tage Thompson in Las Vegas Wranglers zone.
10:42 of 2nd period - Taro Hirose is hit by Tucker Poolman and loses puck.
11:01 of 2nd period - Nikita Soshnikov is hit by Austin Wagner and loses puck.
11:53 of 2nd period - Slapshot by Brett Seney.
11:53 of 2nd period - Shot Blocked by Joel Hanley.
12:41 of 2nd period - Dillon Simpson is hit by Glenn Gawdin and loses puck.
12:52 of 2nd period - Dillon Heatherington is hit by Dillon Simpson and loses puck.
12:57 of 2nd period - Snap shot by Austin Wagner.
12:57 of 2nd period - Shot Misses the Net.
13:13 of 2nd period - Alexandre Carrier is hit by Dillon Heatherington.
13:38 of 2nd period - Snap shot by Taro Hirose.
13:38 of 2nd period - Shot Blocked by Brett Seney.
13:56 of 2nd period - Snap shot by Paul Bittner.
13:56 of 2nd period - Shot Blocked by Glenn Gawdin.
13:58 of 2nd period - Slapshot by Nic Petan.
13:58 of 2nd period - Shot Misses the Net.
14:02 of 2nd period - Slapshot by Paul Bittner.
14:02 of 2nd period - Shot Misses the Net.
14:30 of 2nd period - Off-side.
14:31 of 2nd period - Zack MacEwen wins face-off versus Chase De Leo in neutral zone.
14:34 of 2nd period - Alexandre Carrier is hit by Zack MacEwen and loses puck.
14:39 of 2nd period - Wrist shot by Tage Thompson.
14:39 of 2nd period - Deflect By Greg McKegg.
14:39 of 2nd period - Goal by Tage Thompson - Las Vegas Wranglers : 2 - Victoriaville Tigres : 3.
14:40 of 2nd period - Chase De Leo wins face-off versus Zack MacEwen in neutral zone.
15:09 of 2nd period - Wrist shot by Taro Hirose.
15:09 of 2nd period - Shot Misses the Net.
15:11 of 2nd period - Slapshot by Joel Hanley.
15:11 of 2nd period - Shot Misses the Net.
15:13 of 2nd period - Wrist shot by Chris Casto.
15:13 of 2nd period - Deflect By Taro Hirose.
15:13 of 2nd period - Shot Misses the Net.
15:13 of 2nd period - Puck is out of play.
15:14 of 2nd period - Zack MacEwen wins face-off versus Chase De Leo in Victoriaville Tigres zone.
15:19 of 2nd period - Wrist shot by Drew Stafford.
15:19 of 2nd period - Stopped by Michael Garteig with a rebound.
15:21 of 2nd period - Slapshot by Paul Ladue.
15:21 of 2nd period - Stopped by Michael Garteig with a rebound.
15:23 of 2nd period - Snap shot by Zack MacEwen.
15:23 of 2nd period - Stopped by Michael Garteig with a rebound.
15:25 of 2nd period - Slapshot by Paul Ladue.
15:25 of 2nd period - Shot Blocked by Alexandre Carrier.
15:27 of 2nd period - Slapshot by Paul Ladue.
15:27 of 2nd period - Stopped by Michael Garteig without a rebound.
15:28 of 2nd period - Tanner Kero wins face-off versus Brett Seney in Victoriaville Tigres zone.
16:16 of 2nd period - Paul Ladue is hit by Paul Bittner and loses puck.
16:41 of 2nd period - Snap shot by Nic Petan.
16:41 of 2nd period - Shot Misses the Net.
18:17 of 2nd period - Wrist shot by Tanner Kero.
18:17 of 2nd period - Stopped by Michael Garteig with a rebound.
18:19 of 2nd period - Slapshot by Paul Ladue.
18:19 of 2nd period - Shot Misses the Net.
18:21 of 2nd period - Slapshot by Tanner Kero.
18:21 of 2nd period - Goal by Tanner Kero - Las Vegas Wranglers : 3 - Victoriaville Tigres : 3.
18:22 of 2nd period - Chase De Leo wins face-off versus Zack MacEwen in neutral zone.
19:23 of 2nd period - Maximilian Kammerer is hit by Vladislav Kamenev and loses puck.
19:58 of 2nd period - Jalen Chatfield is hit by Kevin Davis and loses puck.
Goals for this period are 2 for Las Vegas Wranglers vs 1 for Victoriaville Tigres.
Shots for this period are 15 for Las Vegas Wranglers vs 5 for Victoriaville Tigres.

3rd period


0:01 of 3rd period - Chase De Leo wins face-off versus Drew Stafford in neutral zone.
0:08 of 3rd period - Slapshot by Greg McKegg.
0:08 of 3rd period - Goal by Greg McKegg - Las Vegas Wranglers : 3 - Victoriaville Tigres : 4.
0:09 of 3rd period - Chase De Leo wins face-off versus Zack MacEwen in neutral zone.
0:12 of 3rd period - Zack MacEwen is hit by Chase De Leo and loses puck.
0:25 of 3rd period - Snap shot by Drew Stafford.
0:25 of 3rd period - Stopped by Michael Garteig without a rebound.
0:26 of 3rd period - Brett Seney wins face-off versus Glenn Gawdin in Victoriaville Tigres zone.
0:37 of 3rd period - Slapshot by Devon Toews.
0:37 of 3rd period - Shot Misses the Net.
0:39 of 3rd period - Snap shot by Blake Speers.
0:39 of 3rd period - Shot Misses the Net.
0:41 of 3rd period - Snap shot by Brett Seney.
0:41 of 3rd period - Stopped by Mikhail Berdin with a rebound.
0:51 of 3rd period - Greg McKegg is hit by Tage Thompson and loses puck.
1:45 of 3rd period - Tucker Poolman is hit by Taro Hirose and loses puck.
1:56 of 3rd period - Alexandre Carrier is hit by Drew Stafford and loses puck.
2:01 of 3rd period - Snap shot by Tage Thompson.
2:01 of 3rd period - Stopped by Michael Garteig with a rebound.
2:03 of 3rd period - Slapshot by Chris Casto.
2:03 of 3rd period - Stopped by Michael Garteig with a rebound.
2:05 of 3rd period - Snap shot by Tage Thompson.
2:05 of 3rd period - Shot Misses the Net.
2:07 of 3rd period - Snap shot by Drew Stafford.
2:07 of 3rd period - Goal by Drew Stafford - Las Vegas Wranglers : 4 - Victoriaville Tigres : 4.
2:08 of 3rd period - Zack MacEwen wins face-off versus Brett Seney in neutral zone.
3:22 of 3rd period - Chris Casto is hit by Keaton Middleton.
3:26 of 3rd period - Justin Auger is hit by Brett Seney and loses puck.
4:18 of 3rd period - Slapshot by Devon Toews.
4:18 of 3rd period - Deflect By Austin Wagner.
4:18 of 3rd period - Shot Blocked by Kevin Davis.
4:18 of 3rd period - Puck is out of play.
4:19 of 3rd period - Maximilian Kammerer wins face-off versus Tanner Kero in Las Vegas Wranglers zone.
4:20 of 3rd period - Slapshot by Austin Wagner.
4:20 of 3rd period - Shot Blocked by Peter Stoykewych.
4:22 of 3rd period - Slapshot by Maximilian Kammerer.
4:22 of 3rd period - Stopped by Mikhail Berdin with a rebound.
4:24 of 3rd period - Snap shot by Kole Lind.
4:24 of 3rd period - Shot Hit the Post.
4:26 of 3rd period - Snap shot by Kole Lind.
4:26 of 3rd period - Goal by Kole Lind - Las Vegas Wranglers : 4 - Victoriaville Tigres : 5.
4:27 of 3rd period - Chase De Leo wins face-off versus Zack MacEwen in neutral zone.
5:15 of 3rd period - Nic Petan is hit by Zac Rinaldo and loses puck.
6:24 of 3rd period - Slapshot by Zack MacEwen.
6:24 of 3rd period - Shot Misses the Net.
6:26 of 3rd period - Backhand shot by Joel Hanley.
6:26 of 3rd period - Stopped by Michael Garteig with a rebound.
6:46 of 3rd period - Snap shot by Nic Petan.
6:46 of 3rd period - Stopped by Mikhail Berdin without a rebound.
6:47 of 3rd period - Chase De Leo wins face-off versus Zack MacEwen in Las Vegas Wranglers zone.
6:50 of 3rd period - Snap shot by Greg McKegg.
6:50 of 3rd period - Shot Misses the Net.
6:56 of 3rd period - Slapshot by Tage Thompson.
6:56 of 3rd period - Stopped by Michael Garteig without a rebound.
6:57 of 3rd period - Chase De Leo wins face-off versus Zack MacEwen in Victoriaville Tigres zone.
7:04 of 3rd period - Wrist shot by Kevin Stenlund.
7:04 of 3rd period - Shot Blocked by Paul Ladue.
8:44 of 3rd period - Slapshot by Drew Stafford.
8:44 of 3rd period - Stopped by Michael Garteig with a rebound.
8:46 of 3rd period - Wrist shot by Drew Stafford.
8:46 of 3rd period - Shot Misses the Net.
9:33 of 3rd period - Wrist shot by Drew Stafford.
9:33 of 3rd period - Stopped by Michael Garteig with a rebound.
9:35 of 3rd period - Wrist shot by Drew Stafford.
9:35 of 3rd period - Shot Misses the Net.
9:37 of 3rd period - Slapshot by Dillon Heatherington.
9:37 of 3rd period - Stopped by Michael Garteig with a rebound.
9:41 of 3rd period - Snap shot by Drew Stafford.
9:41 of 3rd period - Shot Misses the Net.
9:43 of 3rd period - Slapshot by Tage Thompson.
9:43 of 3rd period - Stopped by Michael Garteig with a rebound.
9:51 of 3rd period - Wrist shot by Tage Thompson.
9:51 of 3rd period - Shot Misses the Net.
9:53 of 3rd period - Slapshot by Paul Ladue.
9:53 of 3rd period - Stopped by Michael Garteig with a rebound.
9:55 of 3rd period - Wrist shot by Dillon Heatherington.
9:55 of 3rd period - Stopped by Michael Garteig with a rebound.
9:57 of 3rd period - Wrist shot by Tage Thompson.
9:57 of 3rd period - Deflect By Drew Stafford.
9:57 of 3rd period - Shot Misses the Net.
9:57 of 3rd period - Puck is out of play.
9:58 of 3rd period - Tanner Kero wins face-off versus Brett Seney in Victoriaville Tigres zone.
9:59 of 3rd period - Snap shot by Taro Hirose.
9:59 of 3rd period - Goal by Taro Hirose - Las Vegas Wranglers : 5 - Victoriaville Tigres : 5.
10:00 of 3rd period - Brett Seney wins face-off versus Tanner Kero in neutral zone.
10:02 of 3rd period - Off-side.
10:03 of 3rd period - Tanner Kero wins face-off versus Brett Seney in neutral zone.
10:09 of 3rd period - Joel Hanley is hit by Brett Seney and loses puck.
10:29 of 3rd period - Icing by Joel Hanley.
10:30 of 3rd period - Glenn Gawdin wins face-off versus Nic Petan in Las Vegas Wranglers zone.
10:44 of 3rd period - Off-side.
10:45 of 3rd period - Brett Seney wins face-off versus Tanner Kero in neutral zone.
11:16 of 3rd period - Snap shot by Paul Bittner.
11:16 of 3rd period - Goal by Paul Bittner - Las Vegas Wranglers : 5 - Victoriaville Tigres : 6.
11:17 of 3rd period - Tanner Kero wins face-off versus Brett Seney in neutral zone.
11:20 of 3rd period - Snap shot by Taro Hirose.
11:20 of 3rd period - Shot Misses the Net.
11:22 of 3rd period - Wrist shot by Jimmy Hayes.
11:22 of 3rd period - Stopped by Michael Garteig with a rebound.
11:26 of 3rd period - Wrist shot by Taro Hirose.
11:26 of 3rd period - Deflect By Tanner Kero.
11:26 of 3rd period - Deflect By Devon Toews.
11:26 of 3rd period - Shot Blocked by Devon Toews.
11:26 of 3rd period - Puck is out of play.
11:27 of 3rd period - Brett Seney wins face-off versus Tanner Kero in Victoriaville Tigres zone.
11:27 of 3rd period - Brett Seney is hit by Taro Hirose.
11:37 of 3rd period - Wrist shot by Brett Seney.
11:37 of 3rd period - Shot Blocked by Tanner Kero.
11:47 of 3rd period - Blake Speers is hit by Tanner Kero and loses puck.
12:06 of 3rd period - Snap shot by Taro Hirose.
12:06 of 3rd period - Goal by Taro Hirose - Las Vegas Wranglers : 6 - Victoriaville Tigres : 6.
12:07 of 3rd period - Kevin Stenlund wins face-off versus Zack MacEwen in neutral zone.
12:23 of 3rd period - Snap shot by Drew Stafford.
12:23 of 3rd period - Stopped by Michael Garteig with a rebound.
12:29 of 3rd period - Dillon Heatherington is hit by Chase De Leo and loses puck.
12:37 of 3rd period - Icing by Dillon Heatherington.
12:38 of 3rd period - Zack MacEwen wins face-off versus Brett Seney in Las Vegas Wranglers zone.
13:45 of 3rd period - Wrist shot by Tage Thompson.
13:45 of 3rd period - Stopped by Michael Garteig with a rebound.
13:47 of 3rd period - Slapshot by Peter Stoykewych.
13:47 of 3rd period - Deflect By Tage Thompson.
13:47 of 3rd period - Stopped by Michael Garteig with a rebound.
13:49 of 3rd period - Wrist shot by Peter Stoykewych.
13:49 of 3rd period - Stopped by Michael Garteig without a rebound.
13:50 of 3rd period - Chase De Leo wins face-off versus Glenn Gawdin in Victoriaville Tigres zone.
13:50 of 3rd period - Chase De Leo is hit by Nikita Soshnikov.
14:16 of 3rd period - Dillon Heatherington is hit by Rudolfs Balcers and loses puck.
14:39 of 3rd period - Slapshot by Taro Hirose.
14:39 of 3rd period - Shot Misses the Net.
15:18 of 3rd period - Peter Stoykewych is hit by Alexandre Carrier and loses puck.
15:23 of 3rd period - Snap shot by Brett Seney.
15:23 of 3rd period - Stopped by Mikhail Berdin with a rebound.
15:25 of 3rd period - Backhand shot by Brett Seney.
15:25 of 3rd period - Stopped by Mikhail Berdin without a rebound.
15:26 of 3rd period - Chase De Leo wins face-off versus Zack MacEwen in Las Vegas Wranglers zone.
15:31 of 3rd period - Snap shot by Chase De Leo.
15:31 of 3rd period - Stopped by Mikhail Berdin with a rebound.
16:00 of 3rd period - Wrist shot by Nikita Soshnikov.
16:00 of 3rd period - Shot Misses the Net.
16:39 of 3rd period - Snap shot by Drew Stafford.
16:39 of 3rd period - Shot Misses the Net.
17:19 of 3rd period - Snap shot by Glenn Gawdin.
17:19 of 3rd period - Stopped by Michael Garteig without a rebound.
17:20 of 3rd period - Chase De Leo wins face-off versus Glenn Gawdin in Victoriaville Tigres zone.
17:47 of 3rd period - Jalen Chatfield is hit by Dillon Heatherington and loses puck.
18:35 of 3rd period - Kevin Stenlund is hit by Kevin Davis.
18:39 of 3rd period - Tanner Kero is hit by Devon Toews and loses puck.
19:04 of 3rd period - Glenn Gawdin is hit by Rudolfs Balcers and loses puck.
19:32 of 3rd period - Snap shot by Nic Petan.
19:32 of 3rd period - Stopped by Mikhail Berdin with a rebound.
Goals for this period are 3 for Las Vegas Wranglers vs 3 for Victoriaville Tigres.
Shots for this period are 20 for Las Vegas Wranglers vs 10 for Victoriaville Tigres.

Overtime #1


0:01 of 1st overtime period - Chase De Leo wins face-off versus Drew Stafford in neutral zone.
1:06 of 1st overtime period - Icing by Tucker Poolman.
1:07 of 1st overtime period - Glenn Gawdin wins face-off versus Igor Shvyrev in Victoriaville Tigres zone.
1:24 of 1st overtime period - Dillon Heatherington is hit by Dillon Simpson and loses puck.
1:31 of 1st overtime period - Dillon Heatherington is hit by Chase De Leo and loses puck.
1:44 of 1st overtime period - Devon Toews is hit by Chris Casto and loses puck.
1:49 of 1st overtime period - Wrist shot by Tage Thompson.
1:49 of 1st overtime period - Deflect By Tanner Kero.
1:49 of 1st overtime period - Shot Misses the Net.
1:49 of 1st overtime period - Puck is out of play.
1:50 of 1st overtime period - Glenn Gawdin wins face-off versus Chase De Leo in Victoriaville Tigres zone.
2:23 of 1st overtime period - Wrist shot by Nikita Soshnikov.
2:23 of 1st overtime period - Deflect By Devon Toews.
2:23 of 1st overtime period - Stopped by Michael Garteig without a rebound.
2:24 of 1st overtime period - Igor Shvyrev wins face-off versus Drew Stafford in Victoriaville Tigres zone.
2:29 of 1st overtime period - Slapshot by Dillon Simpson.
2:29 of 1st overtime period - Stopped by Mikhail Berdin without a rebound.
2:30 of 1st overtime period - Chase De Leo wins face-off versus Drew Stafford in Las Vegas Wranglers zone.
2:31 of 1st overtime period - Snap shot by Greg McKegg.
2:31 of 1st overtime period - Stopped by Mikhail Berdin without a rebound.
2:32 of 1st overtime period - Drew Stafford wins face-off versus Greg McKegg in Las Vegas Wranglers zone.
3:19 of 1st overtime period - Slapshot by Dillon Heatherington.
3:19 of 1st overtime period - Shot Blocked by Devon Toews.
3:52 of 1st overtime period - Icing by Joel Hanley.
3:53 of 1st overtime period - Glenn Gawdin wins face-off versus Chase De Leo in Las Vegas Wranglers zone.
4:20 of 1st overtime period - Slapshot by Tage Thompson.
4:20 of 1st overtime period - Shot Misses the Net.
4:49 of 1st overtime period - Wrist shot by Nikita Soshnikov.
4:49 of 1st overtime period - Shot Misses the Net.
4:51 of 1st overtime period - Slapshot by Joel Hanley.
4:51 of 1st overtime period - Deflect By Devon Toews.
4:51 of 1st overtime period - Stopped by Michael Garteig with a rebound.
4:55 of 1st overtime period - Wrist shot by Nikita Soshnikov.
4:55 of 1st overtime period - Deflect By Devon Toews.
4:55 of 1st overtime period - Shot Misses the Net.
4:55 of 1st overtime period - Puck is out of play.
4:56 of 1st overtime period - Drew Stafford wins face-off versus Chase De Leo in Victoriaville Tigres zone.
Goals for this period are 0 for Las Vegas Wranglers vs 0 for Victoriaville Tigres.
Shots for this period are 2 for Las Vegas Wranglers vs 2 for Victoriaville Tigres.

ShootOut


5:00 of 1st overtime period - Round #1.
5:00 of 1st overtime period - Las Vegas Wranglers, Drew Stafford.
5:00 of 1st overtime period - Deke by Drew Stafford.
5:00 of 1st overtime period - Shot Misses the Net.
5:00 of 1st overtime period - Victoriaville Tigres, Chase De Leo.
5:00 of 1st overtime period - Wrist shot by Chase De Leo.
5:00 of 1st overtime period - Stopped by Mikhail Berdin.
5:00 of 1st overtime period - Round #2.
5:00 of 1st overtime period - Las Vegas Wranglers, Zack MacEwen.
5:00 of 1st overtime period - Wrist shot by Zack MacEwen.
5:00 of 1st overtime period - Goal by Zack MacEwen.
5:00 of 1st overtime period - Victoriaville Tigres, Greg McKegg.
5:00 of 1st overtime period - Wrist shot by Greg McKegg.
5:00 of 1st overtime period - Stopped by Mikhail Berdin.
5:00 of 1st overtime period - Round #3.
5:00 of 1st overtime period - Las Vegas Wranglers, Tanner Kero.
5:00 of 1st overtime period - Snap shot by Tanner Kero.
5:00 of 1st overtime period - Stopped by Michael Garteig.
5:00 of 1st overtime period - Victoriaville Tigres, Rudolfs Balcers.
5:00 of 1st overtime period - Wrist shot by Rudolfs Balcers.
5:00 of 1st overtime period - Goal by Rudolfs Balcers.
5:00 of 1st overtime period - Round #4.
5:00 of 1st overtime period - Las Vegas Wranglers, Tage Thompson.
5:00 of 1st overtime period - Snap shot by Tage Thompson.
5:00 of 1st overtime period - Stopped by Michael Garteig.
5:00 of 1st overtime period - Victoriaville Tigres, Paul Bittner.
5:00 of 1st overtime period - Deke by Paul Bittner.
5:00 of 1st overtime period - Goal by Paul Bittner. Output by the SimonT Hockey Simulator (STHS) for Eric Tremblay - Original Page W3C HTML5 Valid
Hockey Simulator - Hockey Simulation - Hockey Manager